 Seeded DCSS version 0.29-a0-409-gd843f3a48c (webtiles) character file.

Game seed: 17930253926559947122 (custom seed)

30 zeratav the Digger (level 3, -12/21 HPs)
             Began as an Octopode Earth Elementalist on May 14, 2022.
             Mangled by a gnoll
             ... wielding a +2 whip of electrocution
              (16 damage)
             ... on level 2 of the Dungeon.
             The game lasted 00:01:08 (1478 turns).

zeratav the Digger (Octopode Earth Elementalist)    Turns: 1478, Time: 00:01:09

Health: -12/21     AC:  1    Str:  7    XL:     3   Next: 18%
Magic:  3/6        EV: 13    Int: 19    God:
Gold:   0          SH:  0    Dex: 12    Spells: 6/7 levels left

rFire   . . .      SeeInvis .   e - +0 short sword {short}
rCold   . . .      Faith    .   (no shield)
rNeg    . . .      Spirit   .   (helmet restricted)
rPois   .          Reflect  .   (no amulet)
rElec   .          Harm     .   (no ring)
rCorr   .          Rampage  .   (no ring)
Will    .....                   (no ring)
Stlth   +++.......              (no ring)
HPRegen 0.07/turn               (no ring)
MPRegen 0.10/turn               (no ring)
                                (no ring)
                                (no ring)

@: very slightly contaminated
A: almost no armour, amphibious, 8 rings, camouflage 1, gelatinous body 1,
(nimble swimmer 1), tentacles
a: no special abilities


You were on level 2 of the Dungeon.
You visited 1 branch of the dungeon, and saw 2 of its levels.


Innate Abilities, Weirdness & Mutations

You cannot wear most types of armour.
You are amphibious.
You can wear up to eight rings at the same time.
Your skin changes colour to match your surroundings (Stealth+).
Your rubbery body absorbs attacks. (AC +1, EV +1)
((You are camouflaged when in or above water. (Stealth+)))
You have tentacles for arms and can constrict up to eight enemies at once.


   Skills:
 - Level 2.0 Dodging
 - Level 2.6 Stealth
 + Level 2.5 Spellcasting
 - Level 1.0 Transmutations
 * Level 3.8 Earth Magic


You had 6 spell levels left.
You knew the following spells:

 Your Spells              Type           Power      Damage    Failure   Level
a - Sandblast             Erth           34%        2d9       3%          1

Your spell library contained the following spells:

 Spells                   Type           Power      Damage    Failure   Level
 Passwall                 Tmut/Erth      9%         N/A       9%          2
 Animate Skeleton         Necr           4%         N/A       16%         1
 Pain                     Necr           8%         1d4       16%         1
 Stone Arrow              Conj/Erth      18%        3d8       22%         3
 Vampiric Draining        Necr           2%         2d6       43%         3
 Petrify                  Tmut/Erth      11%        N/A       52%         4

Inventory:

Hand Weapons
 e - a +0 short sword (weapon) {short}
   (You took it off a kobold on level 1 of the Dungeon)
Missiles
 a - 99 stones {throwing}
Jewellery
 k - an amulet of the acrobat
   (You found it on level 1 of the Dungeon)
Scrolls
 d - a scroll of noise {unknown}
 f - a scroll of enchant armour {unknown}
 g - a scroll of enchant weapon {unknown}
 h - a scroll of brand weapon {unknown}
Potions
 b - a potion of magic
 c - 2 potions of curing {unknown}
 i - 2 potions of brilliance {unknown}
 j - a potion of berserk rage {unknown}
 l - a potion of flight {unknown}

Dungeon Overview and Level Annotations

Branches:
Dungeon (2/15)

Altars:

.#..#......
.##<..#####
..###.....##
.......)...######
.########........ ##
.# #.####### .. ..
#....# .# ..
####.##########..####
...
#....@gggg...s....
...
###########.......
.... #...... .g....
..... ####.


You could see 4 gnolls.


Message History

You see here a +0 mace {mace}.
HP[-1]
You take 1 damage, and now have 20/21 hp.
You hit the bat.
You kill the bat!
No target in view!
No target in view!
No target in view!
No target in view!
No target in view!
No target in view!
No target in view!
No target in view!
No target in view!
No target in view!
No target in view!
No target in view!
No target in view!
l - a sedimented ruby potion HP[+1]
Your hp is fully restored (21).
A kobold comes into view. It is wielding a +0 dagger.
The kobold moves out of view.
You see here 9 stones {throwing}.
A kobold is nearby!
a - 102 stones {throwing} (gained 9)
You hit the kobold. Your grab misses the kobold. You squeeze the kobold.
You kill the kobold!
No target in view!
No target in view!
No target in view!
No target in view!
No target in view!
No target in view!
No target in view!
No target in view!
No target in view!
No target in view!
No target in view!
No target in view!
No target in view!
You see here a +0 dagger {short}.
A gnoll comes into view. It is wielding a +0 spear.
The gnoll shouts!
A gnoll is nearby!
A gnoll comes into view. It is wielding a +0 club.
The gnoll shouts!
You hear a shout!
A gnoll comes into view.
It is wielding a +2 whip of electrocution.
A gnoll comes into view. It is wielding a +0 flail.
You can't see any susceptible monsters within range! (Use Z to cast anyway.)
The blast of sand hits the gnoll.
The gnoll shouts! x2
The gnoll hits you from afar with a +0 spear.
HP[-4] MP[-1]
You take 4 damage, and now have 17/21 hp.
You lost 1 mp, and now have 5/6 mp.
HP[+1]
The gnoll throws a throwing net.
The throwing net hits you.
You become entangled in the net!
You struggle against the net.
You struggle against the net.
You struggle against the net.
A scorpion comes into view.
You shred the net and break free! The gnoll completely misses you.
MP[+1]
Your mp is fully restored (6).
Casting: Sandblast (safe; 3% risk of failure)
Confirm with . or Enter, or press ? or * to list all spells.
Aiming: Sandblast (safe; 3% risk of failure)
Press: ? - help, Shift-Dir - straight line, f - gnoll, p - gnoll
Aim: a gnoll, wielding a +2 whip of electrocution (82% to hit)
You miscast Sandblast.
You are very lightly contaminated with residual magic.
Nothing appears to happen.
The gnoll hits you with a +2 whip of electrocution.
HP[-6] MP[-1]
You take 6 damage, and now have 12/21 hp.
MASSIVE DAMAGE!! (PAUSE)
You lost 1 mp, and now have 5/6 mp.
Casting: Sandblast (safe; 3% risk of failure)
Confirm with . or Enter, or press ? or * to list all spells.
Aiming: Sandblast (safe; 3% risk of failure)
Press: ? - help, Shift-Dir - straight line, f/p - gnoll
Aim: a gnoll, wielding a +2 whip of electrocution (82% to hit)
The blast of sand misses the gnoll.
The blast of sand hits the gnoll!
The gnoll closely misses you.
MP[-1]
You lost 1 mp, and now have 4/6 mp.
Casting: Sandblast (safe; 3% risk of failure)
Confirm with . or Enter, or press ? or * to list all spells.
Aiming: Sandblast (safe; 3% risk of failure)
Press: ? - help, Shift-Dir - straight line, f/p - gnoll
Aim: a gnoll, wielding a +2 whip of electrocution (82% to hit)
The blast of sand hits the gnoll!
The gnoll hits you with a +2 whip of electrocution!
* * * LOW HITPOINT WARNING * * *
You are electrocuted!
Ouch! That really hurt!
You die...

Action                   || total
-------------------------++-------
Melee: Club              ||     4
       Tentacles         ||     8
       Short sword       ||    43
       Constrict         ||    11
 Cast: Sandblast         ||     8
 Stab: Sleeping          ||     8
Armor: Skin              ||     4
Dodge: Dodged            ||    34

Levels and vault maps discovered:
D:1:      dpeg_arrival_yet_another_circle, layout_basic, serial_rivers,
          chequers_serial_rivers_small_b, chequers_serial_rivers_large_b,
          chequers_serial_rivers_micro_b, chequers_serial_rivers_room_b,
          chequers_serial_rivers_micro_c, chequers_serial_rivers_large_a,
          chequers_ecumenical_altar_lobes
D:2:      layout_rooms, serial_shops, shop

Notes
Turn   | Place    | Note
-------+----------+-------------------------------------------
     0 | D:1      | zeratav the Octopode Earth Elementalist began the quest for
                  | the Orb.
     0 | D:1      | Reached XP level 1. HP: 11/11 MP: 3/3
     0 | D:1      | magus.rc [v1.9.6]
   110 | D:1      | Reached XP level 2. HP: 17/17 MP: 0/5
   522 | D:1      | Found a faded altar of an unknown god.
   879 | D:1      | You pick up a book of Necromancy and begin reading...
   879 | D:1      | You add the spells Pain, Animate Skeleton and Vampiric
                  | Draining to your library.
  1078 | D:1      | Reached XP level 3. HP: 18/21 MP: 6/6
  1473 | D:2      | Noticed a scorpion
  1478 | D:2      | HP: 4/21 [gnoll/+2 whip of electrocution (8)]
  1478 | D:2      | Mangled by a gnoll

Vanquished Creatures
  2 dart slugs (D:1)
  3 bats
  An endoplasm (D:1)
  A giant cockroach (D:1)
  2 goblins (D:1)
  3 hobgoblins (D:1)
  7 kobolds
  2 frilled lizards (D:1)
  5 rats (D:1)
26 creatures vanquished.

Table legend:
 A = Non-vault XP
 B = Vault XP
 C = Vault XP percentage of total XP
 D = Non-vault monster count
 E = Vault monster count
 F = Vault count percentage of total count
                 A         B        C        D         E       F
            +---------+---------+-------+---------+---------+-------
      Total |      43 |       0 |   0.0 |      26 |       0 |   0.0
            +---------+---------+-------+---------+---------+-------
        D:1 |      39 |       0 |   0.0 |      23 |       0 |   0.0
        D:2 |       4 |       0 |   0.0 |       3 |       0 |   0.0
            +---------+---------+-------+---------+---------+-------

Illustrated notes

Table legend:
 A = Kills in this place as a percentage of kills in entire the game.
 B = Kills by you in this place as a percentage of kills by you in the entire game.
 C = Kills by friends in this place as a percentage of kills by friends in the entire game.
 D = Other kills in this place as a percentage of other kills in the entire game.
 E = Experience gained in this place as a percentage of experience gained in the entire game.
 F = Experience gained in this place divided by the number of levels of this place that you have seen.
                   A       B       C       D       E      F
               +-------+-------+-------+-------+-------+----------------------
         Total | 100.0 | 100.0 |   N/A |   N/A | 100.0 |  21.5
       Dungeon | 100.0 | 100.0 |   N/A |   N/A | 100.0 |  21.5
               +-------+-------+-------+-------+-------+----------------------

Table legend: (Time is in decaauts)
 A = Elapsed time spent in this place.
 B = Non-inter-level travel time spent in this place.
 C = Inter-level travel time spent in this place.
 D = Time resting spent in this place.
 E = Time spent auto-exploring this place.
 F = Levels seen in this place.
 G = Mean time per level.
                   A        B        C        D        E       F      G
               +--------+--------+--------+--------+--------+-----+--------+
         Total |   1482 |   1440 |     42 |      0 |   1254 |   2 |  741.0 |
       Dungeon |   1482 |   1440 |     42 |      0 |   1254 |   2 |  741.0 |
               +--------+--------+--------+--------+--------+-----+--------+

Top non-repeatable levels by time:
     D:1: 1405 daAuts
     D:2: 76 daAuts
